 Dungeon Crawl Stone Soup version 0.27.0-1-g7a089689b8 (webtiles) character file.

Game seed: 912475195328229366

943 horus123 the Destroyer (level 7, -1/37 HPs)
             Began as a Deep Elf Conjurer on Aug 8, 2021.
             Was a Follower of Makhleb.
             Slain by an ice beast (8 damage)
             ... on level 5 of the Dungeon.
             The game lasted 00:17:34 (5595 turns).

horus123 the Destroyer (Deep Elf Conjurer)          Turns: 5595, Time: 00:17:35

Health: -1/37      AC:  9    Str: 16    XL:     7   Next: 88%
Magic:  12/18      EV: 13    Int: 25    God:    Makhleb [*.....]
Gold:   874        SH:  0    Dex: 13    Spells: 1/19 levels left

rFire    . . .     SeeInvis .   w - +6 dagger (elec)
rCold    . . .     Faith    .   (no shield)
rNeg     . . .     Spirit   .   a - +0 robe
rPois    .         Reflect  .   e - +1 helmet of Mouloraf {Slay+3}
rElec    .         Harm     .   q - +2 cloak
rCorr    .         Rampage  .   d - +1 pair of gloves
Will     .....                  (no boots)
Stlth    ++........             (no amulet)
HPRegen  0.12/turn              i - +6 ring of strength
MPRegen  0.16/turn              s - +6 ring of strength

@: no status effects
A: no striking features
a: Renounce Religion


You were on level 5 of the Dungeon.
You worshipped Makhleb.
Makhleb was aware of your devotion.
You visited 2 branches of the dungeon, and saw 6 of its levels.

You collected 874 gold pieces.

Inventory:

Hand Weapons
 w - a +6 dagger of electrocution (weapon)
Missiles
 m - 2 throwing nets
Armour
 a - a +0 robe (worn)
 c - a +0 cloak
 d - a +1 pair of gloves (worn)
 e - the +1 helmet of Mouloraf (worn) {Slay+3}
   (You found it on level 4 of the Dungeon)

   Slay:      It affects your accuracy & damage with ranged weapons and melee
   (+3).
 j - a scarf of harm
 q - a +2 cloak (worn)
Jewellery
 i - a +6 ring of strength (left hand)
 s - a +6 ring of strength (right hand)
 y - a ring of ice
Wands
 x - a wand of paralysis (13)
Scrolls
 g - 3 scrolls of teleportation
Potions
 b - a potion of attraction
 f - 2 potions of flight
 h - a potion of ambrosia
 k - a potion of heal wounds
 l - a potion of berserk rage
 n - a potion of lignification
 p - a potion of mutation {unknown}
 t - a potion of curing {unknown}
 u - a potion of brilliance {unknown}


   Skills:
 + Level 0.7 Fighting
 + Level 1.1 Short Blades
 + Level 3.5 Dodging
 + Level 3.2 Stealth
 + Level 6.5 Spellcasting
 + Level 8.0 Conjurations
 + Level 4.2 Hexes
 + Level 0.1 Transmutations
 + Level 0.3 Earth Magic


You had one spell level left.
You knew the following spells:

 Your Spells              Type           Power      Damage    Failure   Level
a - Magic Dart            Conj           100%       1d8       1%          1
b - Searing Ray           Conj           96%        3d7       1%          2
c - Dazzling Flash        Conj/Hex       76%        N/A       1%          3
d - Fulminant Prism       Conj/Hex       19%        3d11      5%          4
e - Passwall              Tmut/Erth      7%         N/A       10%         2
f - Poisonous Vapours     Pois/Air       16%        N/A       11%         2
g - Hailstorm             Conj/Ice       28%        3d8       14%         4

Your spell library contained the following spells:

 Spells                   Type           Power      Damage    Failure   Level
 Sandblast                Erth           20%        2d7       6%          1
 Static Discharge         Conj/Air       28%        N/A       1%          2
 Iskenderun's Mystic Bla  Conj/Tloc      28%        2d7       14%         4
 Spider Form              Tmut/Pois      4%         N/A       21%         3
 Leda's Liquefaction      Hex/Erth       9%         N/A       26%         4
 Bolt of Magma            Conj/Fire/Erth 11%        4d7       52%         5
 Lee's Rapid Deconstruct  Erth           5%         3d7*      86%         5
 Iron Shot                Conj/Erth      14%        9d4       88%         6
 Lehudib's Crystal Spear  Conj/Erth      14%        10d5      100%        8


Dungeon Overview and Level Annotations

Branches:
Dungeon (5/15)             Temple (1/1) D:4

Altars:
Ashenzari
Cheibriados
Dithmenos
Elyvilon
Fedhas
Gozag
Hepliaklqana
Makhleb
Nemelex Xobeh
Qazlal
Ru
Trog
Xom
Yredelemnul
Zin

Shops:
D:2 !::   D:4 (   D:5 *


Message History

The magic dart hits the ice beast.
The ice beast is lightly wounded.
The magic dart hits the ice beast.
The ice beast is moderately wounded.
The magic dart hits the ice beast.
The ice beast is moderately wounded.
The magic dart hits the ice beast.
The ice beast is moderately wounded.
The magic dart hits the ice beast but does no damage.
The ice beast is moderately wounded.
The magic dart hits the ice beast.
The ice beast is heavily wounded.
You barely miss the ice beast.
The ice beast is heavily wounded.
The ice beast hits you but does no damage.
You hit the ice beast.
The ice beast is heavily wounded.
The ice beast barely misses you.
You hit the ice beast.
The ice beast is heavily wounded.
The ice beast hits you but does no damage.
You hit the ice beast but do no damage.
The ice beast is heavily wounded.
The ice beast hits you. The ice beast freezes you!
You hit the ice beast.
The ice beast is severely wounded.
The ice beast hits you. The ice beast freezes you!
* * * LOW HITPOINT WARNING * * *
Casting: Magic Dart (safe; 1% risk of failure)
Confirm with . or Enter, or press ? or * to list all spells.
Aiming: Searing Ray (safe; 1% risk of failure)
Press: ? - help, Shift-Dir - straight line, f/p - ice beast
Aim: an ice beast (severely wounded, 83% to hit)
The searing ray hits the ice beast.
The ice beast is almost dead. (Press . to maintain the ray.)
The ice beast hits you.
* * * LOW HITPOINT WARNING * * *
The ice beast freezes you!
You die...

#######.# #.#.#
#..# ........# #.
.# #.#..###
######### .. .#
#......< .. .#
###..### ... ##
#..# #..#
########. ...#
#####
#.###........
....# ....#
#....@Y......
###..# ###รท#
#####.###....
...### #.#
#.#####.# .
#..... ###.#
#.......# ######
.)).# #######.#
###.######### #.#
### #.........#
#.# #..
##<#######.####.#
#.#
#.))............#
#.#


You could see an ice beast.

Vanquished Creatures
  A wyvern (D:5)
  An ice beast (D:4)
  A black bear (D:5)
  An ogre (D:5)
  A scorpion (D:5)
  A centaur zombie (D:5)
  A bullfrog zombie (D:5)
  A hound (D:3)
  2 gnoll shamans
  A hound skeleton (D:4)
  A howler monkey zombie (D:5)
  9 gnolls
  7 adders
  A white imp (D:5)
  2 adder skeletons (D:4)
  3 worms
  3 dart slugs
  19 orcs
  10 endoplasms
  5 giant cockroaches
  6 goblins
  9 hobgoblins
  2 jackals (D:1)
  4 quokkas
  6 ball pythons
  10 bats
  4 frilled lizards
  8 kobolds
  7 rats
  A fulminant prism (D:5)
128 creatures vanquished.

Vanquished Creatures (others)
  2 fulminant prisms
  A fungus (D:3)
3 creatures vanquished.

Grand Total: 131 creatures vanquished

Notes
Turn   | Place    | Note
-------+----------+-------------------------------------------
     0 | D:1      | horus123 the Deep Elf Conjurer began the quest for the Orb.
     0 | D:1      | Reached XP level 1. HP: 10/10 MP: 6/6
   172 | D:1      | Found a faded altar of an unknown god.
   228 | D:1      | Reached XP level 2. HP: 15/15 MP: 4/8
   613 | D:1      | Reached skill level 5 in Conjurations
  1017 | D:2      | Found Obin's Book Emporium.
  1082 | D:2      | Reached XP level 3. HP: 19/19 MP: 2/9
  1085 | D:2      | Learned a level 2 spell: Searing Ray
  1089 | D:2      | Learned a level 3 spell: Dazzling Flash
  1306 | D:2      | Found Geugof's Book Shop.
  1367 | D:2      | Found Nolelaeph's Distillery.
  1916 | D:3      | Reached XP level 4. HP: 23/24 MP: 5/11
  2018 | D:3      | Reached skill level 6 in Conjurations
  2027 | D:3      | Learned a level 4 spell: Fulminant Prism
  2311 | D:3      | Reached skill level 1 in Hexes
  2397 | D:3      | Found a basalt altar of Yredelemnul.
  2543 | D:3      | Found a shimmering altar of Xom.
  2595 | D:3      | Reached XP level 5. HP: 26/28 MP: 6/13
  2598 | D:3      | Learned a level 2 spell: Passwall
  2637 | D:2      | Got the Collected Works on the Cankerous Mountains
  3404 | D:4      | Found a staircase to the Ecumenical Temple.
  3429 | Temple   | Entered the Ecumenical Temple
  3538 | Temple   | Became a worshipper of Makhleb the Destroyer
  3607 | D:4      | Found Wafeduo's Weapon Boutique.
  3632 | D:4      | Identified a scroll of acquirement
  3632 | D:4      | Acquired 520 gold pieces
  3945 | D:4      | Identified the +1 helmet of Mouloraf {Slay+3}
  4008 | D:4      | Noticed an ice beast
  4013 | D:4      | Killed an ice beast
  4014 | D:4      | Reached XP level 6. HP: 15/32 MP: 6/15
  4243 | D:4      | Reached skill level 7 in Conjurations
  4246 | D:4      | Learned a level 2 spell: Poisonous Vapours
  4525 | D:4      | Found a stormy altar of Qazlal.
  4560 | D:5      | Entered Level 5 of the Dungeon
  4608 | D:5      | Reached skill level 5 in Spellcasting
  4610 | D:5      | Noticed a wyvern
  4615 | D:5      | Killed a wyvern
  4616 | D:5      | Reached XP level 7. HP: 37/37 MP: 2/17
  4834 | D:5      | Reached * piety under Makhleb
  4876 | D:5      | Reached skill level 1 in Short Blades
  5246 | D:5      | Found Qappigax's Gadget Gallery.
  5290 | D:5      | Reached skill level 8 in Conjurations
  5295 | D:5      | Acquired the Papyrus of Confrontation and Toxins
  5302 | D:5      | Learned a level 4 spell: Hailstorm
  5595 | D:5      | Slain by an ice beast

Illustrated notes

Levels and vault maps discovered:
D:1:      evilmike_arrival_crescent, layout_loops_ring,
          hellmonk_ecumenical_altar_crossroads
D:2:      minmay_inner_zag, layout_basic, serial_shops, nicolae_square_shop,
          shop, nicolae_shop_behind_doors, serial_corexii_hall,
          chequers_hall_statues_corner_a, corexii_hall_statues_t,
          due_unseen_surprise
D:3:      minmay_bubble_buster, layout_loops_ring, mainiacjoe_overflow_brackets,
          mainiacjoe_overflow_alcove_4
D:4:      cheibrodos_barr_body, layout_basic, mainiacjoe_overflow_alcove_2,
          minmay_temple_entry_gardened_gates, serial_shops, nicolae_shop_crystal
D:5:      layout_loops_ring, nicolae_shop_gadgets
Temple:   nicolae_temple_x_marks_the_god

Skill      XL: |  1  2  3  4  5  6  7 |
---------------+----------------------+-----
Conjurations   | 5 6 7 8 |  8.0
Spellcasting   | 4 5 6 |  6.5
Hexes          | 1 3 4 |  4.2
Stealth        | 3 |  3.2
Dodging        | 3 |  3.5
Short Blades   | 1 |  1.1
Fighting       | |  0.7
Transmutations | |  0.1
Earth Magic    | |  0.3

Action                   |  1- 3 |  4- 6 |  7- 9 || total
-------------------------+-------+-------+-------++-------
Melee: Unarmed           |       |     1 |       ||     1
       Dagger            |       |       |    21 ||    21
 Cast: Magic Dart        |    75 |    75 |    50 ||   200
       Searing Ray       |       |    12 |     6 ||    18
       Passwall          |       |     2 |       ||     2
       Fulminant Prism   |       |     2 |     1 ||     3
  Use: Scroll            |     1 |    10 |     7 ||    18
Armor: Robe              |     1 |    10 |    16 ||    27
Dodge: Dodged            |     1 |    16 |    22 ||    39
